 Dungeon Crawl Stone Soup version 0.19-a0-1654-g9d3f708 (webtiles) character file.

177 HungrySpirit the Slasher (level 5, 0/41 HPs)
             Began as a Formicid Fighter on Sept 20, 2016.
             Succumbed to an orc wizard's poison
             ... on level 3 of the Dungeon.
             The game lasted 00:03:55 (2397 turns).

HungrySpirit the Slasher (Formicid Fighter)         Turns: 2397, Time: 00:03:55

Health: 0/41       AC:  6    Str: 19 (22) XL:     5   Next: 87%
Magic:  5/5        EV:  9    Int:  5 (7)  God:
Gold:   97         SH:  0    Dex:  9 (10) Spells: 0 memorised, 4 levels left

rFire  . . .     SeeInvis +     a - +0 long sword
rCold  . . .     Gourm    .     b - +0 scale mail
rNeg   . . .     Faith    .     (no shield)
rPois  .         Spirit   .     (helmet unavailable)
rElec  .         Dismiss  .     (no cloak)
rCorr  .         Reflect  .     (no gloves)
MR     .....     Harm     .     (no boots)
Stlth  ..........               (no amulet)
                                (no ring)
                                (no ring)

@: lethally poisoned (0 -> -5)
A: permanent stasis, dig shafts and tunnels, four strong arms, antennae 3
a: Dig, Shaft Self


You were on level 3 of the Dungeon.
You were not hungry.

You visited 1 branch of the dungeon, and saw 3 of its levels.

You collected 97 gold pieces.

Inventory:

Hand Weapons
 a - a +0 long sword (weapon)
Armour
 b - a +0 scale mail (worn)
 c - a +0 shield
Scrolls
 e - a scroll of remove curse {unknown}
 g - 2 scrolls of identify {unknown}
 j - 2 scrolls of enchant armour {unknown}
 k - a scroll of immolation {unknown}
 m - a scroll of magic mapping {unknown}
 p - a scroll of enchant weapon {unknown}
 s - a scroll of recharging {unknown}
 u - a scroll of teleportation {unknown}
Potions
 d - a potion of might
Comestibles
 f - 2 bread rations
 h - 3 fruits
 q - 2 meat rations


   Skills:
 - Level 3.2 Fighting
 * Level 5.6 Long Blades
 - Level 3.2 Armour
 - Level 3.6 Shields


You had 4 spell levels left.
You didn't know any spells.

Dungeon Overview and Level Annotations

Branches:
Dungeon (3/15)

Altars:
Ru


Innate Abilities, Weirdness & Mutations

You are under a permanent stasis effect.
You can dig through walls and to a lower floor.
Your four strong arms can wield two-handed weapons with a shield.
You have a pair of large antennae on your head. (SInv)


Message History

You feel sick.
* * * LOW HITPOINT WARNING * * *
You feel sick.
* * * LOW HITPOINT WARNING * * *
You feel sick.
* * * LOW HITPOINT WARNING * * *
You feel sick.
* * * LOW HITPOINT WARNING * * *
You feel sick.
* * * LOW HITPOINT WARNING * * *
You feel sick.
* * * LOW HITPOINT WARNING * * *
You feel sick.
Your magical effects are unravelling.
You feel magically purged.
You feel less woody.
Your +0 scale mail unmelds from your body.
* * * LOW HITPOINT WARNING * * *
You feel sick.
You die...

#. . #.## .
.<.#.# #..#.#
.# #..#.##..#
#. ####.......
#.# #....)..#
##.###.# #@#
##...##.###.#
#........†..#
#...##.#####
#.#####.##...#
#.........)#.#
######.##...#
#.###### #.#


There were no monsters in sight!

Vanquished Creatures
  An orc wizard (D:3)
  4 adders
  An ooze (D:3)
  2 worms
  A dart slug (D:1)
  2 leopard geckos
  2 orcs (D:3)
  2 ball pythons
  8 bats
  2 giant cockroaches (D:2)
  10 goblins
  7 hobgoblins
  9 jackals
  7 kobolds
  A quokka (D:2)
  8 frilled lizards
  40 rats
107 creatures vanquished.

Notes
Turn   | Place    | Note
-------+----------+-------------------------------------------
     0 | D:1      | HungrySpirit the Formicid Fighter began the quest for the Orb.
     0 | D:1      | Reached XP level 1. HP: 18/18 MP: 1/1
   104 | D:1      | Reached XP level 2. HP: 24/24 MP: 2/2
   269 | D:1      | Reached skill level 3 in Long Blades
   549 | D:1      | Reached XP level 3. HP: 29/29 MP: 3/3
   887 | D:2      | Reached skill level 4 in Long Blades
   887 | D:2      | Reached XP level 4. HP: 31/35 MP: 4/4
  1538 | D:2      | Reached XP level 5. HP: 40/41 MP: 5/5
  1731 | D:2      | Reached skill level 5 in Long Blades
  1814 | D:2      | Found a sacrificial altar of Ru.
  2379 | D:3      | HP: 2/41 [orc wizard/dagger of venom (6)]
  2393 | D:3      | HP: 3/61 [poisoned by an orc wizard]
  2396 | D:3      | HP: 1/41 [poisoned by an orc wizard]
  2397 | D:3      | Succumbed to an orc wizard's poison

Vault maps used:
D:1:      sevenhm_arrival_forest_fort_small_4
D:2:      lemuel_coloured_pillars_altar, st_stairs_4, minmay_rats_cheesy_pizza
D:3:      gup_sewer_entry_spiral

Skill      XL: |  1  2  3  4  5 |
---------------+----------------+-----
Long Blades    | 3 4 5 |  5.6
Fighting       | |  3.2
Armour         | |  3.2
Shields        | |  3.6

Action                   |  1- 3 |  4- 6 || total
-------------------------+-------+-------++-------
Melee: Long sword        |   105 |   197 ||   302
  Use: Potion            |       |     8 ||     8
  Eat: Chunk             |       |     3 ||     3
       Pizza             |       |     2 ||     2
Armor: Scale mail        |    49 |    83 ||   132
Dodge: Dodged            |    52 |    74 ||   126
